 Dungeon Sprint DCSS version 0.29-a0-994-gc5c9f59d18 (webtiles) character file.

Game seed: 1297850297182187369

12 Hubris850 the Trooper (level 2, -1/20 HPs)
             Began as a Gargoyle Monk on Aug 3, 2022.
             Was a Believer of Okawaru.
             Slain by a gnoll
             ... wielding a +0 spear
              (6 damage)
             ... in the Dungeon (Sprint VII: "The Pits").
             The game lasted 00:01:15 (428 turns).

Hubris850 the Trooper (Gargoyle Monk)                Turns: 428, Time: 00:01:16

Health: -1/20      AC:  5    Str: 14    XL:     2   Next: 33%
Magic:  0/2        EV: 14    Int: 10    God:    Okawaru [**....]
Gold:   0          SH:  0    Dex: 12    Spells: 1/1 levels left

rFire   . . .      SeeInvis .   j - +2 hand axe
rCold   . . .      Faith    .   (no shield)
rNeg    + . .      Spirit   .   b - +0 robe
rPois   ∞          Reflect  .   (no helmet)
rElec   +          Harm     .   (no cloak)
rCorr   .          Rampage  .   (no gloves)
Will    .....      NoTele   +   (no boots)
Stlth   +++.......              (no amulet)
HPRegen 0.06/turn               (no ring)
MPRegen 0.08/turn               (no ring)

@: heroic
A: sickness immunity, AC +2, negative energy resistance 1, electricity
resistance, torment resistance 1, petrification resistance
a: Renounce Religion, Heroism


You were in the Dungeon.
You worshipped Okawaru.
Okawaru was pleased with you.
You visited 1 branch

Inventory:

Hand Weapons
 a - a +0 hand axe
 j - a +2 hand axe (weapon)
Armour
 b - a +0 robe (worn)
Scrolls
 i - a scroll of blinking
 l - 5 scrolls of amnesia
 m - a scroll of summoning
Potions
 c - a potion of ambrosia
 d - a potion of curing
 e - a potion of heal wounds
 f - a potion of haste
 g - 4 potions of magic
 h - 3 potions of berserk rage
 k - 2 potions of invisibility


   Skills:
 + Level 4.3(9.3) Fighting
 + Level 3.6(8.6) Axes
 + Level 2.5(7.5) Armour
 - Level 2.4(7.4) Dodging
 - Level 2.1(7.1) Stealth


You had one spell level left.
You didn't know any spells.
Your spell library was empty.

Dungeon Overview and Level Annotations

Branches:
Dungeon (1/1)

Altars:
Ashenzari
Cheibriados
Dithmenos
Elyvilon
Fedhas
Gozag
Hepliaklqana
Kikubaaqudgha
Makhleb
Nemelex Xobeh
Okawaru
Qazlal
Ru
Sif Muna
Trog
Uskayaw
Vehumet
Wu Jian
Xom
Yredelemnul
Zin
The Shining One
Jiyva
Lugonu


Innate Abilities, Weirdness & Mutations

You are immune to sickness and miasma.
Your stone body is resilient. (AC +2)
You are immune to poison.
You resist negative energy. (rN+)
You are resistant to electric shocks. (rElec)
You are resistant to unholy torment.
You are immune to petrification.


Message History

You hit the endoplasm.
The endoplasm is severely wounded.
The endoplasm hits you but does no damage.
You hit the endoplasm.
You kill the endoplasm!
Okawaru accepts your kill.
You open the door.
An ufetubus and a gnoll come into view.
The ufetubus shouts!
You hear a shout!
You closely miss the ufetubus.
A gnoll comes into view. It is wielding a +0 spear.
The ufetubus hits you. The ufetubus closely misses you.
You hit the ufetubus but do no damage. The ufetubus closely misses you.
The ufetubus misses you.
A hound comes into view.
The ufetubus closely misses you. The ufetubus hits you.
The gnoll hits you from afar with a +0 spear.
You closely miss the ufetubus.
The ufetubus hits you but does no damage.
The ufetubus hits you. The ufetubus barely misses you.
The ufetubus closely misses you.
The gnoll hits you from afar with a +0 spear.
You miss the ufetubus.
The hound barks!
The gnoll shouts!
The ufetubus barely misses you. The ufetubus hits you.
The gnoll hits you but does no damage.
The ufetubus hits you but does no damage.
The ufetubus misses you.
You gain the combat prowess of a mighty hero.
The ufetubus closely misses you. x2; The gnoll misses you.
You hit the ufetubus.
The ufetubus is heavily wounded.
The ufetubus hits you.
* * * LOW HITPOINT WARNING * * *
The ufetubus barely misses you. The gnoll misses you.
You hit the ufetubus.
The ufetubus is almost dead.
The ufetubus closely misses you. x2
The gnoll hits you from afar with a +0 spear.
You die...

#_______...##########
##########'##........
#.?(.')))'.##......#.
##########.##........
#...........'........
+#####†#####......#.
#...#.# #........
#...#.# ####'####
#.@.'.# #.......#
##5#### #.......#


hgg #.......# #.... #...<...# #..... #.......# #...... #.......# ########
#.......# ######### You could see a hound, 2 gnolls and an ufetubus.

Vanquished Creatures
  An ufetubus (D)
  2 endoplasms (D)
  3 jackals (D)
6 creatures vanquished.

Notes
Turn   | Place    | Note
-------+----------+-------------------------------------------
     0 | D        | Hubris850 the Gargoyle Monk began the quest for the Orb.
     0 | D        | Reached XP level 1. HP: 14/14 MP: 1/1
    18 | D        | Reached skill level 4 in Fighting
    18 | D        | Reached skill level 1 in Armour
   382 | D        | Found a bloodstained altar of Trog.
   382 | D        | Found a shimmering blue altar of Sif Muna.
   382 | D        | Found a viscous altar of Jiyva.
   382 | D        | Found a hazy altar of Hepliaklqana.
   382 | D        | Found an opulent altar of Gozag.
   383 | D        | Found a glowing golden altar of the Shining One.
   383 | D        | Found a glowing silver altar of Zin.
   383 | D        | Found a basalt altar of Yredelemnul.
   383 | D        | Found a shimmering altar of Xom.
   383 | D        | Found an ornate altar of the Wu Jian Council.
   383 | D        | Found a sacrificial altar of Ru.
   383 | D        | Found a stormy altar of Qazlal.
   383 | D        | Found an iron altar of Okawaru.
   383 | D        | Found a sparkling altar of Nemelex Xobeh.
   383 | D        | Found a burning altar of Makhleb.
   383 | D        | Found a blossoming altar of Fedhas.
   383 | D        | Found a white marble altar of Elyvilon.
   383 | D        | Found a shadowy altar of Dithmenos.
   383 | D        | Found a snail-covered altar of Cheibriados.
   384 | D        | Found a radiant altar of Vehumet.
   384 | D        | Found a corrupted altar of Lugonu.
   387 | D        | Found a broken altar of Ashenzari.
   387 | D        | Found an ancient bone altar of Kikubaaqudgha.
   387 | D        | Found a hide-covered altar of Uskayaw.
   392 | D        | Became a worshipper of Warmaster Okawaru
   392 | D        | Reached * piety under Okawaru
   392 | D        | Reached ** piety under Okawaru
   404 | D        | Reached XP level 2. HP: 20/20 MP: 2/2
   428 | D        | Slain by a gnoll

Illustrated notes

Levels and vault maps discovered:
D:        pitsprint [storerooms_1, entrance_room_1, metal_vault_4, armoury_3,
          mini_pit_1, grid_room_1, main_hall_1, silver_pit, the_coven_1,
          the_vestibule_1, steel_vault_1, golden_pit, hallway_of_sentries,
          crystal_vault_3, iron_vault_4, final_vault]

Skill      XL: |  1 |
---------------+----+-----
Fighting       | 4 |  4.3
Axes           | 3 |  3.6
Armour         | 2 |  2.5
Dodging        | |  2.4
Stealth        | |  2.1

Action                   || total
-------------------------++-------
Melee: Hand axe          ||    23
Invok: Heroism           ||     1
 Stab: Sleeping          ||     2
Armor: Robe              ||    10
Dodge: Dodged            ||    32

Table legend: (Time is in decaauts)
 A = Elapsed time spent in this place.
 B = Non-inter-level travel time spent in this place.
 C = Inter-level travel time spent in this place.
 D = Time resting spent in this place.
 E = Time spent auto-exploring this place.
 F = Levels seen in this place.
 G = Mean time per level.
                   A        B        C        D        E       F      G
               +--------+--------+--------+--------+--------+-----+--------+
         Total |    430 |    430 |      0 |    340 |      0 |   1 |  430.0 |
       Dungeon |    430 |    430 |      0 |    340 |      0 |   1 |  430.0 |
               +--------+--------+--------+--------+--------+-----+--------+

Top non-repeatable levels by time:
       D: 430 daAuts
